 Dungeon Crawl Stone Soup version 0.28.0-53-g5a82cb258f (webtiles) character file.

Game seed: 6280025130960216438

259 MisterFreud the Changer (level 5, -2/45 HPs)
             Began as a Draconian Transmuter on July 18, 2022.
             Was an Initiate of Ru.
             Slain by Duvessa
             ... wielding a +0 short sword
              (15 damage)
             ... on level 4 of the Dungeon.
             The game lasted 00:04:10 (4153 turns).

MisterFreud the Changer (Draconian Transmuter)      Turns: 4153, Time: 00:04:11

Health: -2/45      AC:  6    Str: 12    XL:     5   Next: 94%
Magic:  3/8        EV: 19    Int: 16    God:    Ru [......]
Gold:   203        SH:  0    Dex: 16    Spells: 2/8 levels left

rFire   . . .      SeeInvis .     - Unarmed
rCold   . . .      Faith    .   (shield currently unavailable)
rNeg    . . .      Spirit   .   (armour unavailable)
rPois   x          Reflect  .   (helmet currently unavailable)
rElec   .          Harm     .   (cloak currently unavailable)
rCorr   .          Rampage  .   (gloves currently unavailable)
Will    +....                   (boots currently unavailable)
Stlth   +.........              (no amulet)
HPRegen 0.15/turn               a - +4 ring of protection
MPRegen 0.11/turn               i - ring of willpower

@: spider-form (expiring)
A: venomous fangs, AC +5, tiny, unfitting armour, (cold-blooded)
a: End Transformation, Renounce Religion


You were on level 4 of the Dungeon.
You worshipped Ru.
Ru was noncommittal.
You were a venomous arachnid creature.
You visited 2 branches of the dungeon, and saw 5 of its levels.

You collected 203 gold pieces.

Inventory:

Hand Weapons
 j - the +6 whip of Light {spect, Dex+6}
   (You found it on level 2 of the Dungeon)

   When its wielder attacks, the weapon's spirit leaps out and strikes again.
   The spirit shares a part of any damage it takes with its wielder.
   Dex:       It affects your dexterity (+6).
Missiles
 d - a throwing net
 r - 8 javelins
 t - 3 atropa-tipped darts
Jewellery
 a - a +4 ring of protection (left front leg)
 i - a ring of willpower (right front leg)
 s - a ring of ice
Scrolls
 b - 8 scrolls of identify {unknown}
 c - a scroll of silence {unknown}
 e - a scroll of enchant weapon {unknown}
 f - a scroll of summoning {unknown}
 k - 2 scrolls of immolation {unknown}
 p - a scroll of brand weapon {unknown}
 u - a scroll of enchant armour {unknown}
Potions
 g - a potion of heal wounds {unknown}
 h - a potion of cancellation {unknown}
 l - a potion of degeneration {unknown}
 m - 3 potions of might {unknown}
 n - 2 potions of lignification {unknown}
 o - a potion of mutation {unknown}
 q - a potion of attraction {unknown}
 v - 2 potions of haste {unknown}


   Skills:
 * Level 3.0 Fighting
 - Level 1.7 Dodging
 * Level 4.0 Unarmed Combat
 - Level 2.0 Spellcasting
 - Level 5.0 Transmutations


You had 2 spell levels left.
You knew the following spells:

 Your Spells              Type           Power      Damage    Failure   Level
a - Beastly Appendage     Tmut           34%        N/A       10%         1
b - Wereblood             Tmut           17%        N/A       13%         2
c - Spider Form           Tmut/Pois      9%         N/A       43%         3

Your spell library contained the following spells:

 Spells                   Type           Power      Damage    Failure   Level
 Animate Skeleton         Necr           2%         N/A       41%         1
 Pain                     Necr           4%         1d4       41%         1
 Vampiric Draining        Necr           1%         2d6       73%         3
 Ice Form                 Ice/Tmut       9%         N/A       78%         4
 Agony                    Necr           1%         N/A       100%        5
 Excruciating Wounds      Necr           0%         N/A       100%        5


Dungeon Overview and Level Annotations

Branches:
Dungeon (4/15)             Temple (1/1) D:4

Altars:
Okawaru
Ru
Vehumet
Xom
Zin

Annotations:
D:4 Duvessa


Innate Abilities, Weirdness & Mutations

You are a venomous arachnid creature.
You have poisonous fangs.
You are tiny and dextrous.
Your spellcasting is less reliable in this form.
Your armour is entirely melded.
You are incapable of wielding weapons or throwing items.
((Your plain brown scales are hard. (AC +5)))
You cannot fit into any form of body armour.
((You are cold-blooded and may be slowed by cold attacks.))


Message History

Dowan closely misses you.
You bite Dowan!
You kill Dowan!
Duvessa weeps, and shakes her weapon.
Duvessa goes berserk!
Your Fighting skill increases to level 3!
Your Unarmed Combat skill increases to level 4!
You hit Duvessa.
Duvessa is poisoned.
Duvessa is lightly wounded.
Duvessa hits you with a +0 short sword. Duvessa hits you with a +0 short sword!
You hit Duvessa.
Duvessa looks as sick as possible!
Duvessa is lightly wounded.
Duvessa barely misses you.
You bite Duvessa!
Duvessa looks as sick as possible!
Duvessa is moderately wounded.
Duvessa barely misses you. x2
You bite Duvessa!
Duvessa looks as sick as possible!
Duvessa is heavily wounded.
Duvessa closely misses you.
Your magical contamination has completely faded away.
You hit Duvessa but do no damage.
Duvessa looks as sick as possible!
Duvessa is heavily wounded.
Your transformation is almost over.
Duvessa hits you with a +0 short sword! Duvessa barely misses you.
You hit Duvessa but do no damage.
Duvessa is heavily wounded.
Duvessa hits you with a +0 short sword.
You hit Duvessa.
Duvessa looks as sick as possible!
Duvessa is severely wounded.
Duvessa hits you with a +0 short sword.
You barely miss Duvessa.
Duvessa is severely wounded.
Duvessa hits you with a +0 short sword!
* * * LOW HITPOINT WARNING * * *
Duvessa barely misses you.
Unknown command.
Found a stone staircase leading down.
Duvessa rages.
Duvessa hits you with a +0 short sword!
You die...

#.## #......#####...........)###
..# ##......# #........†)### .##
#.......# ###......>.###
.#####..<..#.# #..<.........##
....##.....#.# #.##..#...##).##
.......#####.####>#....#.#..#..##
....#### #....#.#.#..#....#...#
....# ##.##.#.#..##....#..#.#
....# #..##.s.#.....>........
....# ###....e###..#....##.....
....# #...###.# #.#....#..#....
....# #...# #)##..#..#.#.......
....# #..## #.##...##...#......
##### #### ... .#.............
.... #######....... .?...
............. ..... ########.....


You could see Duvessa (berserk, extremely poisoned).

Vanquished Creatures
  Dowan (D:4)
  Terence (D:2)
  2 orc wizards (D:4)
  A hound skeleton (D:4)
  5 adders
  An adder skeleton (D:4)
  2 orcs
  6 ball pythons
  5 endoplasms
  4 giant cockroaches (D:2)
  7 goblins
  9 hobgoblins
  7 jackals (D:2)
  A quokka (D:3)
  9 bats
  6 frilled lizards
  4 kobolds
  2 rats
73 creatures vanquished.

Notes
Turn   | Place    | Note
-------+----------+-------------------------------------------
     0 | D:1      | MisterFreud the Draconian Transmuter began the quest for
                  | the Orb.
     0 | D:1      | Reached XP level 1. HP: 16/16 MP: 3/3
   207 | D:1      | Reached XP level 2. HP: 21/23 MP: 3/5
   433 | D:1      | Reached skill level 3 in Transmutations
   960 | D:2      | Reached XP level 3. HP: 15/28 MP: 6/6
  1524 | D:2      | Reached skill level 4 in Transmutations
  1632 | D:2      | Noticed Terence
  1710 | D:1      | Learned a level 2 spell: Wereblood
  1714 | D:1      | Learned a level 3 spell: Spider Form
  1956 | D:2      | Identified the +6 whip of Light {spect, Dex+6}
  2050 | D:2      | Killed Terence
  2051 | D:2      | Reached XP level 4. HP: 16/35 MP: 0/7
  3100 | D:3      | Reached skill level 5 in Transmutations
  3240 | D:3      | Found a radiant altar of Vehumet.
  3634 | D:4      | Found a staircase to the Ecumenical Temple.
  3641 | Temple   | Entered the Ecumenical Temple
  3655 | Temple   | Became a worshipper of Ru the Awakened
  3680 | D:4      | Reached XP level 5. HP: 40/40 MP: 6/8
  4135 | D:4      | Noticed Dowan
  4137 | D:4      | Noticed Duvessa
  4143 | D:4      | Killed Dowan
  4153 | D:4      | Slain by Duvessa

Illustrated notes

Levels and vault maps discovered:
D:1:      dpeg_arrival_long_road, layout_basic, minmay_pentomino_p4
D:2:      minmay_recursive_quarters, layout_rooms, uniq_terence
D:3:      layout_basic, nicolae_vehumet_radiance, serial_park_tiny_2,
          minivault_25
D:4:      layout_rooms, minmay_temple_entry_mini_moons, uniq_duvessa
Temple:   eino_temple_scatter_basement

Skill      XL: |  1  2  3  4  5 |
---------------+----------------+-----
Transmutations | 3 4 5 |  5.0
Fighting       | 3 |  3.0
Unarmed Combat | 4 |  4.0
Dodging        | |  1.7
Spellcasting   | |  2.0

Action                   |  1- 3 |  4- 6 || total
-------------------------+-------+-------++-------
Melee: Unarmed           |   130 |   133 ||   263
       Kick              |    19 |    12 ||    31
       Tailslap          |    15 |     7 ||    22
       Headbutt          |     8 |    13 ||    21
       Punch             |     1 |     1 ||     2
 Cast: Beastly Appendage |    20 |    20 ||    40
       Spider Form       |     1 |     3 ||     4
Armor: Skin              |    46 |    53 ||    99
Dodge: Dodged            |   102 |   109 ||   211
